 Dungeon Crawl Stone Soup version 0.31.0-32-g396128a36d (webtiles) character file.

Game seed: 11328655194549886954

1558965 LordWeiramon the Slayer (level 27, 199/199 HPs)
             Began as a Kobold Summoner on Mar 24, 2024.
             Was a High Priest of Ashenzari.
             Escaped with the Orb
             ... and 3 runes!
             The game lasted 06:01:09 (83554 turns).

LordWeiramon the Slayer (Kobold Summoner)          Turns: 83554, Time: 06:01:09

Health: 199/199    AC: 33    Str: 14    XL:     27
Magic:  39/39      EV: 55    Int: 19    God:    Ashenzari [*****.]
Gold:   3461       SH: 22    Dex: 39    Spells: 39/50 levels left

rFire   + + +        a - +9 rapier of the Sublime God {speed, Melee, Fort} (curse)
rCold   + + .        W - +4 kite shield of the Tethered Annoyance {rC+ rF+, Melee, Elem} (curse)
rNeg    + + .        e - +7 faerie dragon scales {rCorr Str+2 Slay+2, Fort, Self} (curse)
rPois   +            x - +0 helmet "Restrained With Me" {rC+ Str+4 Int+3 Slay+3, Melee, Dev} (curse)
rElec   .            h - +4 dragonskin cloak
rCorr   +            O - +2 pair of gloves of the Prescient Planets {Dex+3, Bglg, Elem} (curse)
SInv    +            v - +3 pair of boots of Ashenzari's Discomfort {^Drain rPois rF++ Stlth+, Bglg, Cun} (curse)
Will    +++..        V - dreamshard necklace {Acrobat *Dream, Dev, Melee} (curse)
Stlth   +++++        H - ring "Shackled Together" {rN+ Dex+6 Stlth+, Cun, Bglg} (curse)
HPRegen 0.53/turn    Q - ring of the Gnostic Yoke {^Drain rN+ Will+ rCorr Dex+3, Elem, Bglg} (curse)
MPRegen 0.26/turn

%: acrobat, clarity
@: no status effects
A: small, no large weapons, nightstalker 3, hooves 1, wild magic 1, inability to
drink after injury 1
0: Orb of Zot
}: 3/15 runes: barnacled, silver, gossamer
a: Renounce Religion, Shatter the Chains


You escaped.
You worshipped Ashenzari.
Ashenzari was extremely pleased with you.
You visited 10 branches of the dungeon, and saw 48 of its levels.
You visited 1 bazaar.
You also visited: Sewer, Ice Cave and Desolation.

You collected 8249 gold pieces.
You spent 4788 gold pieces at shops.

Inventory:

Hand Weapons
 a - the cursed +9 rapier of the Sublime God (weapon) {speed, Melee, Fort}
   (You took it off a merfolk aquamancer on level 4 of the Shoals)

   It has a curse which improves the following skills: Melee Combat: Short
   Blades, Long Blades, Axes, Maces & Flails, Polearms, Staves and Unarmed
   Combat.
   Fortitude: Armour and Shields.
Missiles
 c - 83 poisoned darts
 p - 24 atropa-tipped darts
 t - 11 curare-tipped darts
 z - 8 throwing nets (quivered)
Armour
 e - the cursed +7 faerie dragon scales (worn) {rCorr Str+2 Slay+2, Fort, Self}
   (You took it off the Enchantress on level 1 of the Depths)

   Str+2:     It affects your strength (+2).
   Slay+2:    It affects your accuracy & damage with ranged weapons and melee
   (+2).
   rCorr:     It protects you from acid and corrosion.
   It has a curse which improves the following skills: Fortitude: Armour and
   Shields.
   Introspection: Fighting and Spellcasting.
 h - the +4 dragonskin cloak (worn)
   (You took it off Tiamat on level 5 of the Realm of Zot)

   Avatar's Aegis: It grants the wearer a chance to resist fire, cold, poison,
   electricity, acid, and negative energy.
 v - the cursed +3 pair of boots of Ashenzari's Discomfort (worn) {^Drain rPois rF++ Stlth+, Bglg, Cun}
   (You acquired it on level 2 of the Depths)

   rF++:      It greatly protects you from fire.
   rPois:     It protects you from poison ^Drain: It drains your maximum health
   when unequipped.
   Stlth+:    It makes you more stealthy.
   It has a curse which improves the following skills: Beguiling: Hexes and
   Translocations.
   Cunning:   Dodging and Stealth.
 x - the cursed +0 helmet "Restrained With Me" (worn) {rC+ Str+4 Int+3 Slay+3, Melee, Dev}
   (You acquired it on level 1 of the Realm of Zot)

   Str+4:     It affects your strength (+4).
   Int+3:     It affects your intelligence (+3).
   Slay+3:    It affects your accuracy & damage with ranged weapons and melee
   (+3).
   rC+:       It protects you from cold.
   It has a curse which improves the following skills: Melee Combat: Short
   Blades, Long Blades, Axes, Maces & Flails, Polearms, Staves and Unarmed
   Combat.
   Devices:   Evocations and Shapeshifting.
 O - the cursed +2 pair of gloves of the Prescient Planets (worn) {Dex+3, Bglg, Elem}
   (You found it on level 4 of the Spider Nest)

   It has a curse which improves the following skills: Beguiling: Hexes and
   Translocations.
   Elements:  Fire Magic, Ice Magic, Air Magic and Earth Magic.
 W - the cursed +4 kite shield of the Tethered Annoyance (worn) {rC+ rF+, Melee, Elem}
   (You took it off a tengu warrior on level 15 of the Dungeon)

   It has a curse which improves the following skills: Melee Combat: Short
   Blades, Long Blades, Axes, Maces & Flails, Polearms, Staves and Unarmed
   Combat.
   Elements:  Fire Magic, Ice Magic, Air Magic and Earth Magic.
Jewellery
 H - the cursed ring "Shackled Together" (left hand) {rN+ Dex+6 Stlth+, Cun, Bglg}
   (You bought it in a shop on level 1 of the Elven Halls)

   [ring of positive energy]

   Dex+6:     It affects your dexterity (+6).
   rN+:       It protects you from negative energy.
   Stlth+:    It makes you more stealthy.
   It has a curse which improves the following skills: Cunning: Dodging and
   Stealth.
   Beguiling: Hexes and Translocations.
 Q - the cursed ring of the Gnostic Yoke (right hand) {^Drain rN+ Will+ rCorr Dex+3, Elem, Bglg}
   (You acquired it on level 4 of the Lair of Beasts)

   [ring of willpower]

   Dex+3:     It affects your dexterity (+3).
   rN+:       It protects you from negative energy.
   Will+:     It increases your willpower.
   rCorr:     It protects you from acid and corrosion.
   ^Drain:    It drains your maximum health when unequipped.
   It has a curse which improves the following skills: Elements: Fire Magic, Ice
   Magic, Air Magic and Earth Magic.
   Beguiling: Hexes and Translocations.
 V - the cursed dreamshard necklace (around neck) {Acrobat *Dream, Dev, Melee}
   (You found it in the Desolation of Salt)

   [amulet of the acrobat]

   *Dream:    It absorbs a single lethal wound into itself, holding its wearer
   just short of death and releasing dream-creatures to guard them.
   Acrobat:   It increases your evasion while moving and waiting.
   It has a curse which improves the following skills: Devices: Evocations and
   Shapeshifting.
   Melee Combat: Short Blades, Long Blades, Axes, Maces & Flails, Polearms,
   Staves and Unarmed Combat.
Wands
 f - a wand of paralysis (30)
 g - a wand of mindburst (54)
 y - a wand of light (10)
 I - a wand of flame (154)
 L - a wand of roots (19)
 P - a wand of polymorph (41)
 S - a wand of digging (4)
Scrolls
 b - 3 scrolls of enchant weapon
 i - 17 scrolls of teleportation
 m - 7 scrolls of vulnerability
 n - 5 scrolls of blinking
 w - 11 scrolls of poison
 B - 19 scrolls of fear
 D - 7 scrolls of revelation
 E - 5 scrolls of fog
 R - 2 scrolls of butterflies
 X - 2 scrolls of brand weapon
 Y - 3 scrolls of silence
Potions
 d - 6 potions of magic
 l - 22 potions of curing
 o - 13 potions of heal wounds
 q - 12 potions of might
 r - 7 potions of brilliance
 s - 6 potions of enlightenment
 u - 5 potions of attraction
 A - 4 potions of cancellation
 C - 4 potions of haste
 F - 11 potions of ambrosia
 G - 2 potions of invisibility
 J - a potion of berserk rage
 M - 11 potions of mutation
 N - 4 potions of resistance
 T - 3 potions of lignification
Miscellaneous
 j - a phial of floods
 k - a condenser vane
 K - a phantom mirror
 U - a sack of spiders
 Z - a lightning rod (4/4)


   Skills:
 - Level 26.1(27) Fighting
 - Level 24.0(27) Short Blades
 - Level 9.0 Throwing
 - Level 14.5(17.5) Armour
 - Level 24.4(27) Dodging
 - Level 24.0(26.7) Stealth
 - Level 10.0(13.1) Shields
 - Level 10.1(12.2) Spellcasting
 - Level 12.0(17.0) Hexes
 - Level 4.0 Summonings
 - Level 12.0(16.1) Air Magic
 - Level 6.1(10.2) Earth Magic
 + Level 16.5(19.5) Evocations


You had 39 spell levels left.
You knew the following spells:

 Your Spells              Type           Power      Damage    Failure   Level
a - Passwall              Erth           60%        N/A       1%          3
b - Tukima's Dance        Hex            78%        N/A       1%          3
s - Silence               Hex/Air        38%        N/A       1%          5

Your spell library contained the following spells:

 Spells                   Type           Power      Damage    Failure   Level
 Sandblast                Erth           100%       2d20      1%          1
 Shock                    Conj/Air       100%       1d9       1%          1
 Ensorcelled Hibernation  Hex/Ice        100%       N/A       1%          2
 Jinxbite                 Hex            100%       N/A       1%          2
 Mercury Vapours          Alch/Air       100%       N/A       1%          2
 Static Discharge         Conj/Air       100%       3-8/arc   1%          2
 Swiftness                Air            76%        N/A       1%          3
 Airstrike                Air            38%        2d(6-22)  1%          4
 Dazzling Flash           Conj/Hex       100%       N/A       2%          3
 Inner Flame              Hex/Fire       55%        N/A       2%          3
 Cigotuvi's Dreadful Rot  Necr/Alch/Air  82%        N/A       4%          2
 Summon Lightning Spire   Summ/Air       60%        N/A       4%          4
 Summon Small Mammal      Summ           100%       N/A       5%          1
 Call Imp                 Summ           68%        N/A       7%          2
 Mephitic Cloud           Conj/Alch/Air  41%        N/A       8%          3
 Vhi's Electric Charge    Tloc/Air       100%       N/A       8%          4
 Stone Arrow              Conj/Erth      80%        3d12      9%          3
 Lee's Rapid Deconstruct  Erth           30%        3d16*     10%         5
 Animate Armour           Summ/Erth      100%       N/A       12%         4
 Call Canine Familiar     Summ           34%        N/A       13%         3
 Apportation              Tloc           36%        N/A       16%         1
 Metabolic Englaciation   Hex/Ice        27%        N/A       16%         5
 Enfeeble                 Hex            39%        N/A       17%         7
 Yara's Violent Unravell  Hex/Alch       27%        3d12      19%         5
 Magic Dart               Conj           60%        1d6       22%         1
 Necrotise                Necr           60%        1d7       22%         1
 Sting                    Conj/Alch      60%        1d6       22%         1
 Arcjolt                  Conj/Air       26%        1d36      22%         5
 Blink                    Tloc           36%        N/A       24%         2
 Lesser Beckoning         Tloc           36%        N/A       24%         2
 Scorch                   Fire           36%        2d6       26%         2
 Brom's Barrelling Bould  Conj/Erth      40%        2d6       26%         4
 Gell's Gravitas          Tloc           18%        N/A       41%         3
 Teleport Other           Tloc           18%        N/A       41%         3
 Ozocubu's Armour         Ice            18%        N/A       43%         3
 Volatile Blastmotes      Fire/Tloc      36%        2d13      43%         3
 Hailstorm                Conj/Ice       16%        3d6       45%         3
 Fugue of the Fallen      Necr           15%        N/A       50%         3
 Vampiric Draining        Necr           15%        2d7       50%         3
 Borgnjor's Vile Clutch   Necr/Erth      20%        N/A       54%         5
 Summon Blazeheart Golem  Fire/Summ      26%        N/A       58%         4
 Martyr's Knell           Necr/Summ      24%        N/A       63%         4
 Plasma Beam              Fire/Air       27%        2x1d39    67%         6
 Manifold Assault         Tloc           18%        N/A       80%         4
 Passage of Golubria      Tloc           18%        N/A       80%         4
 Iskenderun's Mystic Bla  Conj/Tloc      16%        2d5       83%         4
 Flame Wave               Conj/Fire      16%        2d7       85%         4
 Sticky Flame             Fire/Alch      16%        2d5       85%         4
 Maxwell's Capacitive Co  Air            38%        ∞         85%         8
 Animate Dead             Necr           15%        N/A       88%         4
 Fulminant Prism          Conj/Alch      7%         3d7       88%         4
 Olgreb's Toxic Radiance  Alch           15%        N/A       88%         4
 Summon Forest            Summ/Tloc      13%        N/A       88%         5
 Bombard                  Conj/Erth      20%        9d4       97%         6
 Curse of Agony           Necr           15%        N/A       99%         5
 Fireball                 Conj/Fire      8%         3d6       99%         5
 Irradiate                Conj/Alch      7%         3d14      99%         5
 Iskenderun's Battlesphe  Conj           15%        2d7       99%         5
 Death Channel            Necr           7%         N/A       100%        6
 Eringya's Noxious Bog    Alch           7%         4d6       100%        6
 Sculpt Simulacrum        Ice/Alch       8%         N/A       100%        6
 Haunt                    Necr/Summ      12%        N/A       100%        7
 Malign Gateway           Summ/Tloc      13%        N/A       100%        7
 Orb of Destruction       Conj           7%         9d6       100%        7
 Ozocubu's Refrigeration  Ice            9%         4d9       100%        7
 Spellforged Servitor     Conj/Summ      12%        N/A       100%        7
 Summon Hydra             Summ           17%        N/A       100%        7
 Ignition                 Fire           9%         3d5       100%        8
 Infestation              Necr           7%         N/A       100%        8
 Summon Horrible Things   Summ           17%        N/A       100%        8
 Fire Storm               Conj/Fire      8%         8d2       100%        9


Dungeon Overview and Level Annotations

Branches:
Dungeon (15/15)            Temple (1/1) D:6            Lair (5/5) D:10
 Shoals (4/4) Lair:2       Spider (4/4) Lair:3        Slime (0/5) Lair:5
    Orc (2/2) D:10            Elf (3/3) Orc:2        Vaults (5/5) D:14
  Crypt (0/3) Vaults:2     Depths (4/4) D:15            Zot (5/5) Depths:4
  Sewer (visited)           IceCv (visited)         Desolation (visited)

Altars:
Ashenzari
Cheibriados
Dithmenos
Elyvilon
Fedhas
Gozag
Hepliaklqana
Kikubaaqudgha
Makhleb
Nemelex Xobeh
Okawaru
Qazlal
Ru
Sif Muna
Trog
Uskayaw
Vehumet
Wu Jian
Xom
Yredelemnul
Zin
The Shining One
Jiyva

Shops:
D:11 ?   Orc:1 ?   Orc:2 [=(*   Elf:1 ==   Elf:2 !   Elf:3 *   Shoals:1 (
Vaults:1 *   Vaults:3 !*   Vaults:4 !   Depths:4 [

Portals:
Hell: Depths:1 Depths:2 Depths:3 Depths:4
Abyss: Depths:1 Depths:3
Pandemonium: Depths:2 Depths:4
Ziggurat: Depths:2
Trove: Vaults:2 (show abyssal rune of Zot)

Annotations:
Zot:1 2 transporters


Innate Abilities, Weirdness & Mutations

You are small and have problems with some larger weapons.
You are completely attuned to the shadows.
You have large cloven feet.
Your spells are a little harder to cast, but a little more powerful.
You occasionally lose the ability to drink potions when taking damage.


Message History

The demonspawn warmonger moves out of view.
You feel yourself speed up.
There is a stone staircase leading down here.
Things that are here:
a +0 robe; a +0 dagger
There is a stone staircase leading up here.
You climb upwards.
There is a stone staircase leading down here.
You see here a +0 dagger.
There is a stone staircase leading up here.
You climb upwards.
There is a stone staircase leading down here.
Your extra speed is starting to run out.
There is a stone staircase leading up here.
You climb upwards.
You feel yourself slow down.
There is a stone staircase leading down here.
There is a stone staircase leading up here.
You climb upwards.
There is a stone staircase leading down here.
There is a stone staircase leading up here.
You climb upwards.
There is a stone staircase leading down here.
A hellwing comes into view.
There is a stone staircase leading up here.
You climb upwards.
There is a stone staircase leading down here.
You see here a +0 spear.
Things that are here:
a +0 dagger; a +0 club
There is a stone staircase leading up here.
You climb upwards.
There is a stone staircase leading down here.
There is a stone staircase leading up here.
You climb upwards.
There is a stone staircase leading down here.
You enter the shallow water.
Moving in this stuff is going to be slow.
There is a staircase leading out of the dungeon here.
You have escaped!

.......................#######...
.......#........##....##.........
.##.##.#........##.#.##..........
.##.##.#...................>..)..
....##.#...~♣♣♣♣♣♣♣♣♣~.#######...
..####.#..~~≈♣≈≈♣≈≈≈♣~~# #...
..####.###♣♣~~~~~~~~~≈♣# #...
..........♣≈~~~~~~~~~♣♣ #...
...##.....♣♣~~~~@~~~~♣ ###...
..........♣♣~~~~~~~~~♣♣ ##.....
..†.......♣♣~~~~~~~~~≈♣# #.....#
###.......~~≈♣≈≈≈♣≈≈♣~~# #..####
#........~♣♣♣♣♣♣♣♣♣~.####..##..
####...#### ##......##.....#
#...# #.......##...... #...#
#..#.......##### #####
#..#.##.##.#


There were no monsters in sight!

Vanquished Creatures
  Tiamat (Zot:5)
  3 orbs of fire (Zot:5)
  3 ancient liches
  4 dread liches
  Mara (Elf:3)
  A juggernaut (Depths:4)
  Xtahua (Vaults:3)
  5 Killer Klowns (Zot:5)
  Saint Roka (Elf:3)
  5 curse toes
  A caustic shrike (Depths:2)
  16 golden dragons
  the Enchantress (Depths:1)
  2 pearl dragons (Depths:1)
  4 electric golems
  2 doom hounds (Depths:2)
  A Brimstone Fiend (Depths:3)
  18 tentacled monstrosities
  Grunn (Depths:2)
  4 liches
  Jorgrun (D:12)
  23 Orb Guardians (Zot:5)
  Asterion (Spider:2)
  2 deep elf blademasters (Elf:3)
  3 titans (Vaults:5)
  2 walking frostbound tomes
  The ghost of Vubreenic the Markscentaur, an adept CeHu of Okawaru (Spider:1)
  9 quicksilver dragons
  Frances (Elf:1)
  2 deep elf master archers (Elf:3)
  The ghost of community the Warrior, an adept DrEE of Vehumet (Spider:2)
  9 death cobs
  Polyphemus (Shoals:4)
  11 sphinxes
  A kraken (Shoals:2)
  7 tengu reavers (Vaults:5)
  The ghost of MollyMolluskus the Black Belt, an adept OpFi of Wu Jian (Shoals:1)
  Roxanne (D:15)
  18 storm dragons
  12 shadow dragons
  3 protean progenitors
  Agnes (Spider:2)
  Kirke (D:12)
  The ghost of Uwkoecio the Severer, a journeyman HOFi of Okawaru (D:15)
  Donald (Elf:1)
  12 fire giants
  12 draconian knights
  13 draconian monks
  An iron dragon (Depths:4)
  5 frost giants
  Louise (D:15)
  5 draconian scorchers
  5 emperor scorpions
  15 vault wardens
  8 ghost moths
  4 imperial myrmidons (Desolation)
  10 deep elf sorcerers
  An orc warlord (Orc:1)
  9 deep elf elementalists
  9 draconian shifters
  12 ironbound preservers
  8 draconian annihilators
  4 draconian stormcallers
  7 spriggan defenders
  An ophan (Depths:1)
  37 very ugly things
  2 broodmothers (Spider:4)
  12 ironbound thunderhulks
  14 stone giants
  2 formless jellyfish (Vaults:2)
  22 green draconians
  7 vampire knights
  6 deep elf demonologists (Elf:3)
  23 black draconians
  21 red draconians
  20 dire elephants
  4 deep elf death magi (Elf:3)
  9 deep elf annihilators
  3 war gargoyles
  An apis (Depths:1)
  17 purple draconians
  12 spark wasps
  The ghost of Wolfey the Covert, a journeyman OpFi of the Shining One (Lair:3)
  16 white draconians
  3 jiangshi (Depths:3)
  10 yellow draconians
  2 eidola (D:15)
  2 crystal guardians (Desolation)
  10 fire dragons
  A blizzard demon (Depths:2)
  8 merfolk javelineers
  10 ettins
  6 entropy weavers
  26 merfolk impalers
  4 yaktaur captains
  5 deep elf high priests
  2 great orbs of eyes
  10 servants of whispers (Desolation)
  Harold (D:9)
  2 ragged hierophants (Desolation)
  4 rakshasas
  34 vault guards
  3 merfolk avatars
  4 ice dragons
  A hell beast (Depths:4)
  4 hydras
  2 alligator snapping turtles (Shoals:4)
  3 ogre magi
  2 catoblepae
  10 peacekeepers
  4 centaur warriors
  3 jorogumos
  5 spriggan air magi
  A death knight (D:11)
  12 ironbound frosthearts
  6 radroaches
  15 boulder beetles
  29 dancing weapons
  4 merfolk aquamancers
  7 deep troll shamans
  5 satyrs
  A two-headed ogre (shapeshifter) (Vaults:5)
  12 two-headed ogres
  11 demonic crawlers
  6 deep troll earth magi
  12 spriggan berserkers
  3 tengu warriors
  5 vampire magi
  4 death yaks
  A hell knight (Depths:2)
  4 orc high priests (Orc:2)
  2 sun demons (Depths:4)
  12 deep elf knights
  3 skysharks
  2 skeletal warriors (D:15)
  A sixfirhy (Depths:2)
  10 pharaoh ants
  A fire crab (shapeshifter) (Depths:2)
  A spectral death yak (Lair:3)
  4 death drakes (Depths:4)
  5 arcanists
  A deep troll (shapeshifter) (Vaults:5)
  2 shadow wraiths
  2 spark wasp zombies (Depths:3)
  49 deep trolls
  7 sea snakes
  2 storm dragon skeletons (D:15)
  12 flayed ghosts
  6 iron trolls
  8 orb spiders
  2 sun moths
  4 glowing orange brains
  11 ironbound convokers
  13 steelbarb worms
  A mana viper (shapeshifter) (Vaults:5)
  18 harpies
  11 phantasmal warriors
  7 lindwurms
  Pikel (D:5)
  6 deep elf archers
  A swamp dragon (Lair:5)
  7 necromancers
  6 orc knights
  26 deep elf pyromancers
  28 deep elf zephyrmancers
  5 cyclopes
  17 wolf spiders
  An oklob plant (D:10)
  2 stone giant zombies
  46 ugly things
  4 orc sorcerers
  Maurice (D:9)
  20 manticores
  30 moths of wrath
  A salamander (shapeshifter) (Elf:3)
  A cyclops (shapeshifter) (Depths:3)
  9 elephants
  2 shining eyes (shapeshifter) (Vaults:5)
  A steelbarb worm (shapeshifter) (Vaults:5)
  12 fauns
  An ice statue (IceCv)
  An elephant (shapeshifter) (Elf:3)
  11 meliai
  2 frost giant skeletons
  12 vault sentinels
  Joseph (D:9)
  8 black mambas
  5 kobold blastminers (Orc:2)
  A human skeleton (Vaults:4)
  10 torpor snails
  5 merfolk sirens
  2 guardian serpents
  4 water nymphs
  A molten gargoyle (Desolation)
  Jeremiah (Lair:1)
  Maggie (Lair:2)
  A gargoyle (D:13)
  A smoke demon (Depths:4)
  A torpor snail (shapeshifter) (Vaults:5)
  A tormentor (Depths:2)
  30 yaktaurs
  18 cane toads
  3 tengu conjurers
  6 rime drakes
  12 komodo dragons
  2 efreet
  7 freezing wraiths
  3 anaconda simulacra (IceCv)
  12 ice devils
  A yaktaur skeleton (Vaults:4)
  7 trolls
  27 merfolk
  An elf skeleton (Vaults:4)
  A polar bear (shapeshifter) (D:11)
  A hornet (shapeshifter) (Elf:1)
  15 wind drakes
  45 saltlings (Desolation)
  34 tarantellas
  4 tyrant leeches (Spider:3)
  22 blink frogs
  A tengu simulacrum (Vaults:2)
  6 hornets
  2 polar bears (Lair:5)
  A dream sheep (shapeshifter) (Vaults:3)
  6 spriggan zombies
  14 dream sheep
  11 snapping turtles
  12 air elementals
  A glass eye (Depths:2)
  28 jumping spiders
  31 slime creatures
  26 culicivoras
  3 spriggans (Depths:2)
  A vampire (D:10)
  2 shadows
  3 dire elephant simulacra (IceCv)
  28 water elementals
  17 wyverns
  5 wraiths
  41 yaks
  A spectral komodo dragon (Lair:3)
  Eustachio (D:5)
  2 fire elementals (Elf:1)
  6 humans
  A human (shapeshifter) (Elf:2)
  A yak (shapeshifter) (Elf:2)
  3 hogs (D:12)
  4 steam dragons
  6 basilisks
  5 wargs (Orc:2)
  59 redbacks
  2 glowing shapeshifter zombies
  Menkaure (D:5)
  4 death yak simulacra
  A vampire mosquito (D:14)
  A harpy simulacrum (IceCv)
  3 acid dragons
  18 water moccasins
  2 hydra simulacra
  A swamp drake (Lair:5)
  24 orc warriors
  2 sky beasts
  An ice beast (D:6)
  8 ogres
  2 black mamba simulacra (Lair:3)
  10 wolves
  5 centaurs
  A lemure (D:5)
  A phantom (D:7)
  5 kobold brigands
  5 bullfrogs
  4 cane toad simulacra (IceCv)
  A human zombie (Vaults:1)
  A brain worm (Sewer)
  2 gnoll sergeants
  3 scorpions
  2 earth elementals
  4 wights (D:7)
  9 killer bees
  5 elephant simulacra (IceCv)
  6 electric eels
  7 howler monkeys
  A bombardier beetle (D:5)
  A lava snake (Lair:4)
  8 orc priests
  A gnoll bouda (D:8)
  5 hounds
  7 iguanas
  2 sleepcaps (D:6)
  7 hell rats (Lair:5)
  Natasha (D:4)
  Terence (D:2)
  26 orc wizards
  3 troll simulacra (IceCv)
  4 polar bear simulacra (IceCv)
  A spriggan simulacrum (IceCv)
  4 wolf simulacra (IceCv)
  Robin (D:3)
  14 gnolls
  10 adders
  2 river rats (Sewer)
  3 white imps
  2 ufetubi (D:7)
  3 dart slugs
  79 orcs
  10 ball pythons
  4 bats
  2 endoplasms (D:3)
  6 giant cockroaches
  15 goblins
  7 hobgoblins
  4 quokkas
  9 frilled lizards
  23 kobolds
  6 rats
2365 creatures vanquished.

Vanquished Creatures (collateral kills)
  An ettin (D:15)
  A brain worm (Sewer)
  A bombardier beetle (D:3)
  3 gnolls (D:2)
  An adder (D:2)
  2 endoplasms
  A goblin (D:1)
  3 hobgoblins
  3 jackals (D:1)
  A frilled lizard (Sewer)
  A rat (Sewer)
18 creatures vanquished.

Vanquished Creatures (others)
  The ghost of royokou the Scorcher, an adept GrEE of Vehumet (Shoals:3)
  A storm dragon (Zot:2)
  A vault guard (D:14)
  An alligator snapping turtle (Shoals:1)
  A snapping turtle (Shoals:4)
  A human (D:14)
  An orc wizard (Vaults:5)
  An orc (Vaults:5)
  4 tentacles (Shoals:3)
12 creatures vanquished.

Grand Total: 2395 creatures vanquished

Notes
Turn   | Place    | Note
-------+----------+-------------------------------------------
     0 | D:1      | LordWeiramon the Kobold Summoner began the quest for the
                  | Orb.
     0 | D:1      | Reached XP level 1. HP: 10/10 MP: 3/3
   118 | D:1      | Reached skill level 1 in Fighting
   297 | D:1      | Reached XP level 2. HP: 16/16 MP: 3/5
   301 | D:1      | Learned a level 2 spell: Call Imp
   343 | D:1      | Reached skill level 1 in Short Blades
   934 | D:1      | Reached XP level 3. HP: 15/20 MP: 6/6
  1113 | D:2      | Noticed Terence
  2070 | D:2      | Reached XP level 4. HP: 19/25 MP: 2/7
  2385 | D:2      | Killed Terence
  2426 | D:3      | Reached XP level 5. HP: 29/29 MP: 6/8
  2523 | D:3      | Reached skill level 2 in Fighting
  2685 | D:3      | Noticed Robin
  2780 | D:3      | Noticed an ogre
  3087 | D:3      | Reached skill level 5 in Short Blades
  3195 | D:3      | Killed an ogre
  3196 | D:3      | Reached XP level 6. HP: 36/36 MP: 9/9
  3411 | D:3      | Killed Robin
  3715 | D:4      | Noticed Natasha
  3732 | D:4      | Found a sacrificial altar of Ru.
  3779 | D:4      | Found a glowing drain.
  3795 | Sewer    | Entered a sewer
  4150 | Sewer    | Reached XP level 7. HP: 40/40 MP: 8/10
  4581 | D:4      | Reached skill level 3 in Fighting
  5153 | D:5      | Entered Level 5 of the Dungeon
  5200 | D:5      | Reached skill level 5 in Stealth
  5200 | D:5      | Reached XP level 8. HP: 26/46 MP: 11/11
  5359 | D:5      | Noticed Menkaure
  5390 | D:5      | Reached skill level 5 in Dodging
  5513 | D:5      | Noticed Pikel
  5518 | D:5      | Killed Pikel
  5519 | D:5      | Reached skill level 5 in Fighting
  5519 | D:5      | Reached skill level 5 in Evocations
  5578 | D:5      | Found a shimmering altar of Xom.
  5705 | D:5      | Killed Menkaure
  5706 | D:5      | Reached XP level 9. HP: 53/54 MP: 12/12
  5900 | D:5      | Noticed Eustachio
  5905 | D:5      | Killed Eustachio
  6019 | D:4      | Killed Natasha
  6464 | D:6      | Reached skill level 10 in Short Blades
  6586 | D:6      | Found a staircase to the Ecumenical Temple.
  6592 | Temple   | Entered the Ecumenical Temple
  6610 | Temple   | Became a worshipper of Ashenzari the Shackled
  7096 | D:7      | Identified the +2 trident of the Whale {venom, ^Contam
                  | rPois Int+3}
  7106 | D:7      | Found a snail-covered altar of Cheibriados.
  7289 | D:7      | Found an ancient bone altar of Kikubaaqudgha.
  7540 | D:7      | Reached XP level 10. HP: 55/59 MP: 13/13
  7918 | D:7      | Found a burning altar of Makhleb.
  7920 | D:7      | Noticed a balrug
  7921 | D:7      | Noticed a smoke demon
  8824 | D:8      | Reached * piety under Ashenzari
  8910 | D:8      | Found a hazy altar of Hepliaklqana.
  8916 | D:8      | Found a stormy altar of Qazlal.
  9357 | D:8      | Reached skill level 6 in Fighting
  9402 | D:8      | Reached skill level 1 in Shields
  9436 | D:9      | Noticed Harold
  9943 | D:9      | Noticed Joseph
  9950 | D:9      | Killed Joseph
  9951 | D:9      | Reached XP level 11. HP: 42/64 MP: 14/14
 10190 | D:9      | Reached skill level 5 in Shields
 10237 | D:9      | Reached ** piety under Ashenzari
 10911 | D:9      | Reached skill level 5 in Throwing
 11244 | D:9      | Killed Harold
 11413 | D:9      | Noticed Maurice
 11415 | D:9      | Killed Maurice
 11459 | D:10     | Entered Level 10 of the Dungeon
 11482 | D:10     | Identified the +1 pair of boots "Heucw" {MP+9}
 11798 | D:10     | Found a staircase to the Lair.
 11798 | D:10     | Noticed an oklob plant
 11800 | D:10     | Killed an oklob plant
 12096 | D:10     | Found a staircase to the Orcish Mines.
 12121 | D:10     | Found a blossoming altar of Fedhas.
 12328 | D:10     | Found a white marble altar of Elyvilon.
 12412 | D:10     | Reached *** piety under Ashenzari
 12806 | D:11     | Noticed a two-headed ogre
 12810 | D:11     | Killed a two-headed ogre
 12811 | D:11     | Reached skill level 10 in Dodging
 12811 | D:11     | Reached XP level 12. HP: 70/70 MP: 15/15
 12987 | D:11     | Reached skill level 10 in Stealth
 13139 | D:11     | Reached **** piety under Ashenzari
 13153 | D:11     | Noticed a two-headed ogre
 13218 | D:11     | Killed a two-headed ogre
 13472 | D:11     | Noticed a death knight
 13608 | D:11     | Killed a death knight
 13735 | D:11     | Found Vuxusola's Magic Scroll Emporium.
 13738 | D:11     | Bought a scroll of enchant armour for 97 gold pieces
 13873 | Lair:1   | Entered Level 1 of the Lair of Beasts
 13877 | Lair:1   | Reached skill level 5 in Armour
 14159 | Lair:1   | Noticed Jeremiah
 14165 | Lair:1   | Paralysed by Jeremiah for 2 turns
 14169 | Lair:1   | Killed Jeremiah
 14929 | Lair:1   | Reached XP level 13. HP: 78/78 MP: 18/18
 15290 | Lair:1   | Noticed a dire elephant
 15311 | Lair:1   | Found a runed translucent door.
 15812 | Lair:2   | Found a frozen archway.
 15828 | IceCv    | Entered an ice cave
 16141 | IceCv    | Reached skill level 7 in Fighting
 17797 | IceCv    | Found an ancient bone altar of Kikubaaqudgha.
 18580 | IceCv    | Identified the Omnibus of Refrigeration
 19334 | Lair:2   | Found a staircase to the Shoals.
 19335 | Lair:2   | Noticed a six-headed hydra
 19345 | Lair:2   | Killed a six-headed hydra
 19346 | Lair:2   | Reached XP level 14. HP: 51/86 MP: 19/19
 19673 | Lair:2   | Noticed Maggie
 19677 | Lair:2   | Killed Maggie
 19681 | Lair:2   | Identified a scroll of acquirement
 19690 | Lair:2   | Acquired the +4 rapier of Valiance {venom, rF+ rC+}
 20522 | Lair:3   | Found a hole to the Spider Nest.
 20682 | Lair:3   | Reached skill level 15 in Dodging
 21002 | Lair:3   | Found a runed translucent gate.
 21002 | Lair:3   | Found a runed translucent gate.
 21002 | Lair:3   | Found a runed translucent gate.
 21241 | Lair:4   | Acquired the ring "Bapty" {^Drain rN+ Will+ rCorr Dex+3}
 22022 | Lair:4   | Found a snail-covered altar of Cheibriados.
 22070 | Lair:4   | Identified the +4 hand axe "Xeshuxom" {flame, Fly rN+
                  | Str-5}
 22224 | Lair:5   | Entered Level 5 of the Lair of Beasts
 22777 | Lair:5   | Reached skill level 8 in Fighting
 23119 | Lair:5   | Reached skill level 9 in Fighting
 23226 | Lair:5   | Reached XP level 15. HP: 67/96 MP: 21/21
 23375 | Lair:5   | Found a viscous altar of Jiyva.
 23375 | Lair:5   | Found a staircase to the Slime Pits.
 23411 | Lair:5   | Reached skill level 10 in Fighting
 23625 | Lair:5   | Found an opulent altar of Gozag.
 24788 | D:12     | Noticed Kirke
 24808 | D:12     | Killed Kirke
 24881 | D:12     | Noticed Jorgrun
 24885 | D:12     | Killed Jorgrun
 26633 | D:13     | Reached skill level 15 in Stealth
 26799 | D:14     | Found a gate to the Vaults.
 26812 | D:14     | Reached XP level 16. HP: 103/103 MP: 22/22
 27073 | D:14     | Noticed a storm dragon
 27077 | D:14     | Killed a storm dragon
 27092 | D:14     | Noticed a frost giant
 27095 | D:14     | Killed a frost giant
 27156 | D:14     | Identified the Tractate on Injury
 27354 | D:15     | Entered Level 15 of the Dungeon
 27354 | D:15     | Noticed Louise
 27355 | D:15     | Killed Louise
 27609 | D:15     | Reached skill level 10 in Shields
 27768 | D:15     | Found a staircase to the Depths.
 28268 | D:15     | Found a runed translucent gate.
 28268 | D:15     | Found a runed translucent gate.
 28269 | D:15     | Found a runed translucent gate.
 28271 | D:15     | Noticed Uwkoecio's ghost (journeyman HOFi)
 28286 | D:15     | Found a shimmering blue altar of Sif Muna.
 28364 | D:15     | Noticed Roxanne
 29435 | Orc:1    | Entered Level 1 of the Orcish Mines
 29811 | Orc:1    | Found Ziyrao's Magic Scroll Boutique.
 29816 | Orc:1    | Bought a scroll of fear for 56 gold pieces
 29816 | Orc:1    | Bought a scroll of fear for 56 gold pieces
 29816 | Orc:1    | Bought a scroll of teleportation for 42 gold pieces
 29816 | Orc:1    | Bought a scroll of silence for 133 gold pieces
 29830 | Orc:1    | Reached ***** piety under Ashenzari
 30093 | Orc:2    | Entered Level 2 of the Orcish Mines
 30282 | Orc:2    | Found Imauher's General Store.
 30287 | Orc:2    | Bought a lightning rod (4/4) for 520 gold pieces
 30502 | Orc:2    | Reached skill level 10 in Armour
 30727 | Orc:2    | Found Piludat's Jewellery Shop.
 30895 | Orc:2    | Found Belif's Antique Armour Shoppe.
 30971 | Orc:2    | Reached XP level 17. HP: 109/109 MP: 23/23
 30972 | Orc:2    | Found Meseom's Antique Weapon Shoppe.
 31004 | Orc:2    | Found a staircase to the Elven Halls.
 31694 | Lair:1   | Reached skill level 15 in Short Blades
 31858 | Spider:1 | Entered Level 1 of the Spider Nest
 32956 | Spider:1 | Found a runed translucent door.
 32956 | Spider:1 | Noticed Vubreenic's ghost (adept CeHu)
 33200 | Spider:1 | Reached skill level 11 in Fighting
 33982 | Spider:2 | Noticed Agnes
 34109 | Spider:2 | Noticed Asterion
 34112 | Spider:2 | Killed Asterion
 34262 | Spider:2 | Reached skill level 12 in Fighting
 34345 | Spider:2 | Found a runed translucent door.
 34345 | Spider:2 | Found a shimmering altar of Xom.
 34345 | Spider:2 | Noticed community's ghost (adept DrEE)
 34732 | Spider:2 | Reached skill level 13 in Fighting
 35071 | Spider:2 | Reached XP level 18. HP: 91/122 MP: 1/24
 35381 | Spider:2 | Killed Agnes
 35721 | Spider:3 | Reached skill level 14 in Fighting
 36245 | Spider:3 | Reached skill level 15 in Fighting
 37540 | Orc:2    | Bought a potion of curing for 39 gold pieces
 37540 | Orc:2    | Bought a potion of haste for 130 gold pieces
 37540 | Orc:2    | Bought 2 potions of cancellation for 208 gold pieces
 37769 | Spider:4 | Entered Level 4 of the Spider Nest
 38730 | Spider:4 | Identified the +0 chain mail "Earthly Heaven" {rPois rC+
                  | Slay+5}
 39217 | Spider:4 | Reached XP level 19. HP: 132/132 MP: 26/26
 40183 | Spider:4 | Got a gossamer rune of Zot
 40424 | Shoals:1 | Entered Level 1 of the Shoals
 40615 | Shoals:1 | Identified the +1 pair of gloves of Chill Winds {*Corrode
                  | rN++ Int+4 Dex+3}
 40616 | Shoals:1 | Found a transporter.
 40723 | Shoals:1 | Found Xygegh's Weapon Shoppe.
 41208 | Shoals:1 | Found a transporter.
 41211 | Shoals:1 | Noticed MollyMolluskus's ghost (adept OpFi)
 41464 | Shoals:1 | Reached skill level 10 in Evocations
 41576 | Shoals:1 | Reached skill level 1 in Hexes
 41589 | Shoals:1 | Learned a level 3 spell: Tukima's Dance
 42073 | Shoals:2 | Found a gateway to a bazaar.
 42092 | Shoals:2 | Reached skill level 5 in Hexes
 42368 | Shoals:2 | Found a sacrificial altar of Ru.
 42607 | Shoals:2 | Reached skill level 5 in Spellcasting
 43118 | Shoals:3 | Found a runed translucent door.
 43119 | Shoals:3 | Noticed royokou's ghost (adept GrEE)
 43225 | Shoals:3 | Identified the +4 tower shield of Indemnity {Fly}
 43735 | Shoals:3 | Reached XP level 20. HP: 139/139 MP: 33/33
 43957 | Shoals:4 | Entered Level 4 of the Shoals
 44082 | Shoals:4 | Paralysed by an air elemental for 1 turns
 44149 | Shoals:4 | Paralysed by an air elemental for 1 turns
 44152 | Shoals:4 | Paralysed by an air elemental for 1 turns
 44154 | Shoals:4 | Paralysed by an air elemental for 1 turns
 44569 | Shoals:4 | Paralysed by an air elemental for 1 turns
 44773 | Shoals:4 | Paralysed by an air elemental for 1 turns
 45106 | Shoals:4 | Paralysed by an air elemental for 1 turns
 45160 | Shoals:4 | Paralysed by an air elemental for 1 turns
 45164 | Shoals:4 | Paralysed by an air elemental for 1 turns
 45598 | Shoals:4 | Paralysed by an air elemental for 1 turns
 45682 | Shoals:4 | Noticed Polyphemus
 45697 | Shoals:4 | Killed Polyphemus
 46299 | Shoals:4 | Identified Hocus-Pocus and You
 46366 | Shoals:4 | Got a barnacled rune of Zot
 46792 | Bazaar   | Entered a bazaar
 46794 | Bazaar   | Found Essaergh's Assorted Antiques.
 46799 | Bazaar   | Found Juseatzo's Distillery.
 46801 | Bazaar   | Found Vauver's Antique Armour Boutique.
 46807 | Bazaar   | Found Vahufuiffo's Magic Scroll Boutique.
 46814 | Bazaar   | Bought a scroll of fear for 28 gold pieces
 46814 | Bazaar   | Bought a scroll of teleportation for 21 gold pieces
 46814 | Bazaar   | Bought a scroll of fear for 28 gold pieces
 46814 | Bazaar   | Bought a scroll of blinking for 52 gold pieces
 46828 | Bazaar   | Bought a potion of curing for 36 gold pieces
 46828 | Bazaar   | Bought a potion of heal wounds for 60 gold pieces
 46828 | Bazaar   | Bought a potion of mutation for 96 gold pieces
 46828 | Bazaar   | Bought a potion of mutation for 96 gold pieces
 46828 | Bazaar   | Bought a potion of enlightenment for 60 gold pieces
 47122 | Shoals:1 | Killed MollyMolluskus's ghost
 47339 | Shoals:3 | Killed royokou's ghost
 47672 | Spider:1 | Killed Vubreenic's ghost
 48069 | Spider:2 | Killed community's ghost
 48212 | Lair:3   | Noticed Wolfey's ghost (journeyman OpFi)
 48250 | Lair:3   | Killed Wolfey's ghost
 48598 | D:15     | Killed Uwkoecio's ghost
 48651 | D:15     | Identified the ring "Waudduc" {rN+ Will+ Str+3 Int+4}
 48763 | D:15     | Killed Roxanne
 49085 | Elf:1    | Entered Level 1 of the Elven Halls
 49140 | Elf:1    | Noticed Donald
 49144 | Elf:1    | Killed Donald
 49507 | Orc:2    | Reached XP level 21. HP: 138/144 MP: 31/34
 49627 | Elf:1    | Found Ogasu's Jewellery Boutique.
 50207 | Elf:1    | Found Hulyawna's Jewellery Shop.
 50230 | Elf:1    | Bought the ring "Waerchiu" {rN+ Dex+6 Stlth+} for 763 gold
                  | pieces
 50241 | Elf:1    | Noticed Frances
 50245 | Elf:1    | Killed Frances
 50477 | Elf:2    | Found a huge runed translucent gate.
 50477 | Elf:2    | Found a huge runed translucent gate.
 50477 | Elf:2    | Found a huge runed translucent gate.
 50477 | Elf:2    | Found a huge runed translucent gate.
 50477 | Elf:2    | Found a huge runed translucent gate.
 50789 | Elf:2    | Found Huoxegit's Distillery.
 50809 | Elf:2    | Bought 2 potions of might for 168 gold pieces
 50809 | Elf:2    | Bought a potion of heal wounds for 105 gold pieces
 50809 | Elf:2    | Bought a potion of enlightenment for 105 gold pieces
 50809 | Elf:2    | Bought a potion of curing for 63 gold pieces
 50809 | Elf:2    | Bought a potion of enlightenment for 105 gold pieces
 51445 | Elf:2    | Reached skill level 16 in Fighting
 51739 | Elf:3    | Entered Level 3 of the Elven Halls
 51739 | Elf:3    | Noticed Mara
 51752 | Elf:3    | Noticed LordWeiramon's illusion
 51754 | Elf:3    | Noticed LordWeiramon's illusion
 51783 | Elf:3    | Killed Mara
 52068 | Elf:3    | Found a bloodstained altar of Trog.
 52220 | Elf:3    | Noticed Saint Roka
 52227 | Elf:3    | Killed Saint Roka
 52379 | Elf:3    | Reached skill level 17 in Fighting
 52387 | Elf:3    | Paralysed by an air elemental for 1 turns
 52392 | Elf:3    | Paralysed by an air elemental for 1 turns
 52501 | Elf:3    | Found Lussix's Assorted Antiques.
 53023 | Elf:3    | Reached XP level 22. HP: 144/150 MP: 29/32
 53047 | Elf:3    | Identified the +7 falchion of Iliuz {freeze, *Noise +Blink
                  | rCorr}
 53067 | Elf:3    | Reached skill level 18 in Fighting
 53503 | Elf:3    | Identified the +11 dagger "Impbane" {pain, rF- MP+9 Str+4}
 53732 | Elf:3    | Identified the +1 crystal plate armour "Imydyur" {Harm
                  | Int+6}
 53754 | Elf:3    | Reached skill level 19 in Fighting
 54477 | Elf:3    | Identified the Quarto of Scorching Toxicity
 54865 | Vaults:1 | Entered Level 1 of the Vaults
 54929 | Vaults:1 | Found a crumbling gateway.
 54934 | Desolati | Entered the Desolation of Salt
 55157 | Desolati | Identified the staff "Ukobboy" {rF+ rC+ Str+5 Int+3 Ice}
 55188 | Desolati | Reached skill level 20 in Fighting
 55358 | Desolati | Identified the +1 spear "Cyodig" {flame, Dex+3 SInv}
 55358 | Desolati | Identified the +0 leather armour "Gepol" {rElec}
 55359 | Desolati | Identified the Cyclopedia of a Million Planets
 55382 | Desolati | Identified the Commentary on the Charred Lungs
 55509 | Desolati | Identified the Discourse on the Entrancing Charnel House
 55530 | Desolati | Identified the Lectures on Lava
 55667 | Desolati | Identified the +3 great mace of Wyrd {freeze, Dex+3}
 55676 | Desolati | Learned a level 3 spell: Passwall
 55687 | Desolati | Found the dreamshard necklace {Acrobat *Dream}
 55787 | Desolati | Reached skill level 1 in Earth Magic
 56553 | Vaults:1 | Reached skill level 5 in Earth Magic
 56565 | Vaults:1 | Reached XP level 23. HP: 162/162 MP: 33/33
 56922 | Vaults:1 | Found Kageli's Assorted Antiques.
 56927 | Vaults:1 | Bought a scroll of teleportation for 84 gold pieces
 56927 | Vaults:1 | Bought a potion of haste for 280 gold pieces
 56927 | Vaults:1 | Bought a potion of curing for 84 gold pieces
 58238 | Vaults:2 | Found a portal to a secret trove of treasure.
 58360 | Vaults:2 | Found a staircase to the Crypt.
 58932 | Vaults:2 | Reached skill level 21 in Fighting
 59747 | Vaults:3 | Noticed Xtahua
 59751 | Vaults:3 | Killed Xtahua
 59752 | Vaults:3 | Reached skill level 22 in Fighting
 59985 | Vaults:3 | Identified the +3 falchion "Lofuqur" {vamp, rN+ rCorr
                  | Str+3}
 60162 | Vaults:3 | Found Jihaploh's General Store.
 60163 | Vaults:3 | Found Guacaorgh's Distillery.
 60167 | Vaults:3 | Bought a book of the Senses for 800 gold pieces
 60173 | Vaults:3 | Learned a level 5 spell: Silence
 60288 | Vaults:3 | Reached XP level 24. HP: 174/174 MP: 33/33
 60289 | Vaults:3 | Reached skill level 1 in Air Magic
 61255 | Vaults:4 | Reached skill level 5 in Air Magic
 61880 | Vaults:4 | Found Saepniwk's Distillery.
 62759 | Depths:1 | Entered Level 1 of the Depths
 63745 | Depths:1 | Found a one-way gate to the infinite horrors of the Abyss.
 63790 | Depths:1 | Found a gateway to Hell.
 63899 | Depths:1 | Identified the +1 leather armour "Nohul" {rPois}
 63975 | Depths:1 | Found a white marble altar of Elyvilon.
 63975 | Depths:1 | Found a glowing silver altar of Zin.
 63977 | Depths:1 | Found a glowing golden altar of the Shining One.
 64063 | Depths:1 | Found a shadowy altar of Dithmenos.
 64141 | Depths:2 | Noticed the Enchantress
 64281 | Depths:1 | Killed the Enchantress
 64617 | Depths:2 | Noticed Grunn
 64659 | Depths:2 | Killed Grunn
 64912 | Depths:2 | Found a one-way gateway to a ziggurat.
 65091 | Depths:2 | Reached XP level 25. HP: 149/178 MP: 23/33
 65184 | Depths:2 | Found an ornate altar of the Wu Jian Council.
 65402 | Depths:2 | Reached skill level 10 in Hexes
 65408 | Depths:2 | Noticed a caustic shrike
 65410 | Depths:2 | Reached skill level 10 in Air Magic
 65414 | Depths:2 | Killed a caustic shrike
 65491 | Depths:2 | Found a hide-covered altar of Uskayaw.
 65542 | Depths:2 | Identified Hinouh's Exposition on Assembled Graupel
 65545 | Depths:2 | Identified the +5 scale mail of Cowardice {+Inv rF+}
 65596 | Depths:2 | Acquired the +3 pair of boots "Zigg" {^Drain rPois rF++
                  | Stlth+}
 66520 | Depths:2 | Found a one-way gate leading to the halls of Pandemonium.
 66764 | Depths:2 | Found a sacrificial altar of Ru.
 67359 | Depths:3 | Identified Sif Muna's Vellum of the Penguin
 68188 | Depths:3 | Reached XP level 26. HP: 180/180 MP: 32/36
 68398 | Depths:3 | Identified the +2 robe of the Scribe {^Contam *Slow rCorr
                  | Str+7}
 68567 | Depths:3 | Noticed an ancient lich
 68567 | Depths:3 | Identified the +5 shortbow "Lusof" {flame, rF+ Dex+4}
 68593 | Depths:3 | Killed an ancient lich
 68594 | Depths:3 | Reached skill level 10 in Spellcasting
 68758 | Depths:4 | Entered Level 4 of the Depths
 68833 | Depths:4 | Found Loetek's Armour Shop.
 68842 | Depths:4 | Bought a +2 helmet of see invisible for 473 gold pieces
 68891 | Depths:4 | Identified the +8 great mace "Iggal" {flame, rPois Int+2}
 68929 | Depths:4 | Noticed a juggernaut
 68933 | Depths:4 | Killed a juggernaut
 68949 | Depths:4 | Identified Osyrghia's Parchment of Thunder
 69675 | Depths:4 | Found a gate to the Realm of Zot.
 70007 | Depths:4 | Identified the +5 chain mail of the Mauling Gods {^Contam
                  | +Inv Fly Will+}
 70007 | Depths:4 | Identified the +8 sling "Hell-Harrower" {drain, rF+}
 71518 | Vaults:5 | Entered Level 5 of the Vaults
 72145 | Vaults:5 | Reached XP level 27. HP: 190/190 MP: 34/38
 72368 | Vaults:5 | Noticed a dread lich
 72388 | Vaults:5 | Killed a dread lich
 73067 | Vaults:5 | Noticed a dread lich
 73414 | Vaults:5 | Killed a dread lich
 74132 | Vaults:5 | Reached skill level 23 in Fighting
 74615 | Vaults:5 | Noticed a dread lich
 74617 | Vaults:5 | Killed a dread lich
 74627 | Vaults:5 | Gained mutation: You are weak. (Str -2) [a shining eye]
 74819 | Vaults:5 | Reached skill level 24 in Fighting
 74845 | Vaults:5 | Got a silver rune of Zot
 75390 | Zot:1    | Entered Level 1 of the Realm of Zot
 75836 | Zot:1    | Found a transporter.
 75923 | Zot:1    | Identified the +0 crystal plate armour of the Devil's
                  | Advocate {Will+++ Regen+ MP+9 Dex-3}
 75924 | Zot:1    | Found a transporter.
 75929 | Zot:1    | Identified the ring of Ignis's Favour {rPois rF+ rCorr}
 75963 | Zot:1    | Reached skill level 25 in Fighting
 76011 | Zot:1    | Acquired 1009 gold pieces
 76013 | Zot:1    | Acquired the +0 helmet of the Villain {rC+ Str+4 Int+3
                  | Slay+3}
 76469 | Zot:1    | Found a shimmering blue altar of Sif Muna.
 76682 | Zot:1    | Identified the +4 glaive "Acwung" {flame, rElec rF++ Int-3}
 77195 | Zot:2    | Reached skill level 26 in Fighting
 77315 | Zot:2    | Identified the +8 chain mail of Fashionability {rPois rC+
                  | rN+ Regen+}
 80285 | Zot:5    | Entered Level 5 of the Realm of Zot
 80813 | Zot:5    | Found the +4 dragonskin cloak
 80813 | Zot:5    | Noticed Tiamat
 80813 | Zot:5    | Killed Tiamat
 80820 | Zot:5    | Reached skill level 15 in Evocations
 80881 | Zot:5    | Reached ****** piety under Ashenzari
 81134 | Zot:5    | Noticed an ancient lich
 81140 | Zot:5    | Killed an ancient lich
 81305 | Zot:5    | Noticed a dread lich
 81322 | Zot:5    | Killed a dread lich
 81898 | Zot:5    | Noticed an ancient lich
 81918 | Zot:5    | Killed an ancient lich
 82035 | Zot:5    | Noticed a Killer Klown
 82056 | Zot:5    | Killed a Killer Klown
 82120 | Zot:5    | Noticed an orb of fire
 82174 | Zot:5    | Noticed an orb of fire
 82174 | Zot:5    | Noticed a Killer Klown
 82174 | Zot:5    | Noticed a Killer Klown
 82174 | Zot:5    | Noticed an orb of fire
 82176 | Zot:5    | Noticed a Killer Klown
 82176 | Zot:5    | Noticed a Killer Klown
 82177 | Zot:5    | Killed an orb of fire
 82179 | Zot:5    | Killed a Killer Klown
 82182 | Zot:5    | Gained mutation: You are vulnerable to heat. (rF-) [an orb
                  | of fire]
 82184 | Zot:5    | Gained mutation: You are very vulnerable to heat. (rF--)
                  | [an orb of fire]
 82197 | Zot:5    | Killed an orb of fire
 82219 | Zot:5    | Killed an orb of fire
 82221 | Zot:5    | Killed a Killer Klown
 82233 | Zot:5    | Killed a Killer Klown
 82242 | Zot:5    | Killed a Killer Klown
 82283 | Zot:5    | Lost mutation: You are very vulnerable to heat. (rF--)
                  | [potion of mutation]
 82283 | Zot:5    | Lost mutation: You are weak. (Str -2) [potion of mutation]
 82283 | Zot:5    | Lost mutation: You are vulnerable to heat. (rF-) [potion of
                  | mutation]
 82283 | Zot:5    | Gained mutation: Your spells are a little harder to cast,
                  | but a little more powerful. [potion of mutation]
 82283 | Zot:5    | Gained mutation: You occasionally lose the ability to drink
                  | potions when taking damage. [potion of mutation]
 82283 | Zot:5    | Gained mutation: You have large cloven feet. [potion of
                  | mutation]
 82919 | Zot:5    | Got the Orb of Zot
 83001 | Zot:5    | Noticed Pellaoth the pandemonium lord
 83554 | D:$      | Escaped with the Orb!

Illustrated notes

Levels and vault maps discovered:
D:1:      reono_arrival_forest_river, layout_loops_cross
D:2:      layout_basic, uniq_terence
D:3:      minmay_recursive_quarters, layout_rooms, minmay_unequal, uniq_robin
D:4:      layout_loops_ring, nicolae_overflow_crystal_walls,
          portal_sewer_entry_f, nicolae_ossuary_entry_monument, uniq_natasha
D:5:      layout_basic, kennysheep_mini, uniq_menkaure, uniq_eustachio,
          uniq_pikel
D:6:      layout_rooms, minmay_temple_entry_wispy, kennysheep_decorative_pillar
D:7:      layout_loops_ring, general_overflow_altar, makhleb_altar_promises_db,
          mainiacjoe_overflow_boulevard, minmay_misc_feat_chi
D:8:      layout_loops_ring, minitemple
D:9:      layout_basic, uniq_harold, uniq_joseph, uniq_maurice
D:10:     layout_irregular_city, nicolae_elyvilon_temple_path, fedhas_altar_1,
          dpeg_oklobed_lair, serial_park_tiny_2, kennysheep_crisscross
D:11:     layout_basic, serial_shops, nicolae_shop_rolled_up
D:12:     layout_basic, uniq_jorgrun, uniq_kirke
D:13:     layout_loops_cross
D:14:     layout_rooms, ximxim_vaults_locker_room, corexii_leaking_fountain,
          hangedman_corner_corridor
D:15:     gammafunk_depths_entry_grave, layout_layer_cave,
          gammafunk_ghost_spectres, hellmonk_sif_muna_bookshelves, uniq_roxanne,
          uniq_louise
Temple:   compressed_dpeg_triangle_lava_temple
Lair:1:   gammafunk_lair_enchanted_lake, layout_gridlike, lemuel_fruit_fields,
          lemuel_fruit_fields, uniq_jeremiah
Lair:2:   layout_cave_pods, minmay_shoals_entry_hut,
          portal_ice_cave_entry_pillars_2, infiniplex_staircase_pool_2,
          uniq_maggie
Lair:3:   layout_big_grid, nicolae_spider_entry_orb_guardian,
          gammafunk_ghost_necromancy
Lair:4:   layout_gridlike, basic_altar
Lair:5:   guppyfry_lair_end_dragon, layout_hall_layers,
          hangedman_lair_tendril_chambers, slime_entry_1, basic_altar,
          st_stairs_5
Shoals:1: layout_shoals, serial_shops, nicolae_shop_bloodbath_and_beyond,
          gammafunk_ghost_arena, nicolae_shoals_pincushion_passage
Shoals:2: layout_shoals, serial_shops, bzr_entry_gold,
          wheals_shoals_ruined_temple
Shoals:3: layout_shoals, ebering_ghost_inner_flame, nicolae_shoals_mertower
Shoals:4: shoals_end_hellmonk_storm_palace [storm_palace_center_ruins,
          storm_palace_corner_blocked, storm_palace_corner_pillars,
          storm_palace_corner_narrow, storm_palace_corner_grid], uniq_polyphemus
Spider:1: layout_spider_delve, hellmonk_ghost_happy_afterlife
Spider:2: layout_spider_delve, ebering_ghost_xom, uniq_agnes, uniq_asterion
Spider:3: layout_spider_delve, nicolae_spider_webs_and_nodes,
          hangedman_stitches_earthworm
Spider:4: hellmonk_spider_rune_bug_friends, nicolae_spider_not_touching_you
Orc:1:    nicolae_orc_accident_1, layout_diamond_mine, serial_shops,
          nicolae_shop_crystal, lemuel_statue_altar, nicolae_orc_bridge_out
Orc:2:    grunt_orc_gardens, layout_diamond_mine, grunt_orc_garden,
          grunt_orc_garden, grunt_orc_garden, grunt_orc_garden
Elf:1:    layout_gridlike, serial_shops, nicolae_shop_tiny_real_fake_doors,
          shop, nicolae_elf_blasts_and_bolts, grunt_megastairs_1, uniq_frances,
          uniq_donald
Elf:2:    elven_hall_of_blades_hangedman_alternative
          [nicolae_blade_entry_area_security], layout_geoelf_grid, serial_shops,
          nicolae_shop_industrial_runoff
Elf:3:    minmay_elf_hall_hex, layout_onion_city, serial_shops, shop,
          evilmike_spriggan_trog_shrine, uniq_mara, uniq_saint_roka
Vaults:1: portal_desolation_entry_ruin, serial_library_regret_index_small_wings,
          vaults_mumra_chevron, v_misc_5, nicolae_vaults_hallways_thing,
          grunt_vaults_hallway_long, v_misc_3, nicolae_vaults_surprise_closet,
          grunt_vaults_funnel, grunt_vaults_focal, layout_vaults_chaotic_city,
          serial_shops, shop
Vaults:2: v_misc_16, nicolae_vaults_big_ls, nicolae_vaults_little_squares_2,
          nicolae_vaults_heart-shaped_vault, ontoclasm_vaults_twist, v_misc_14,
          minmay_crypt_entry_nasty_monster, vaults_room_glass_cross,
          nicolae_vaults_closet_pinwheel_2,
          nicolae_vaults_offset_grid_hallway_2, nicolae_vaults_double_plus_1,
          nicolae_vaults_little_squares_3, nicolae_vaults_tetromino_T_1,
          v_misc_18, vaults_mumra_minichess,
          nicolae_vaults_storage_room_statues, layout_vaults_maze_snakey,
          nicolae_trove_entry_diagonal
Vaults:3: vaults_room_door_hall, v_misc_16, vaults_room_stairs_pillars,
          hangedman_vaults_hard_town_square, hangedman_vaults_stitches,
          nicolae_vaults_more_shelving_1, nicolae_vaults_offset_grid_hallway_4,
          v_pattern_4, nicolae_vaults_cochlea,
          nicolae_vaults_offset_grid_hallway_3, nicolae_vaults_double_plus_1,
          layout_vaults_omnicross, serial_shops, shop, shop, uniq_xtahua
Vaults:4: nicolae_vaults_inception_scallops, v_pattern_2,
          nicolae_vaults_mini_display_case, nicolae_vaults_tetromino_T_1,
          ontoclasm_vaults_hangar, vaults_room_pool,
          nicolae_vaults_storage_room_glass, nicolae_vaults_tetromino_Z_2,
          vaults_dpeg_ring, layout_vaults_omnigrid, serial_glass, serial_shops,
          nicolae_shop_gibbet_a_chance
Vaults:5
Depths:1: layout_cross, pf_vacation_house_of_asmodeus,
          nicolae_dithmenos_through_a_glass_darkly, abyss_entry, hallowed_hall
Depths:2: minmay_the_grid_octo_tiled_octocenter_mashed
          [minmay_the_grid_octo_tetromino_candy, minmay_the_grid_octo_toaster,
          minmay_the_grid_octo_vomiting_pacman, minmay_the_grid_octo_77,
          minmay_the_grid_octo_prize_big_c,
          minmay_the_grid_square_5x5_pentomino_r, minmay_the_grid_square_5x5_c,
          minmay_the_grid_square_5x5_comb,
          minmay_the_grid_square_5x5_checkered], layout_basic, enter_ziggurat_a,
          nicolae_ru_path_of_blood, rand_demon_pan_entry_3,
          hangedman_coc_ice_floe, hex_tiny, minmay_misc_feat_x,
          minmay_tree_intersection, infiniplex_staircase_x, uniq_grunn,
          uniq_enchantress
Depths:3: bobbens_index_wilting_gardens, layout_gridlike,
          serial_sigils_hangedman_clutch, hangedman_abyss_entry_splay,
          serial_curves, hell_entry, dispersion_dpeg
Depths:4: lemuel_castle_with_subvaults [lemuel_castle_interior_original],
          layout_cave_pools, hellmouth_1, wad_floor_pattern_2,
          serial_column_ruins, column_ruins_portal_squares,
          column_ruins_courtyard_long, column_ruins_open_tiny,
          column_ruins_columns_straight, column_ruins_open_tiny,
          column_ruins_columns_straight, serial_shops, shop
Zot:1:    gammafunk_sealed_arena, layout_concentric_octagons,
          regret_index_zotdec_magical_s, zot_minivault_7
Zot:2:    layout_onion_interference, regret_index_zotdec_silver_v_v_loose,
          st_stairs_9, hangedman_zot_diagonal_lockstep
Zot:3:    layout_misc_corridors, hangedman_zot_decor_tridents
Zot:4:    layout_cellular_growth
Zot:5:    layout_cathedral_of_symmetry, uniq_tiamat

Skill      XL: |  1  2  3  4  5  6  7  8  9 10 11 12 13 14 15 16 17 18 19 20 21 22 23 24 25 26 27 |
---------------+----------------------------------------------------------------------------------+-----
Fighting       | 1 2 3 5 6 7 9 10 13 15 17 20 22 26 | 26.1
Short Blades   | 2 3 4 5 6 7 10 13 14 17 18 21 22 24 | 24.0
Throwing       | 2 5 9 |  9.0
Stealth        | 3 5 7 9 10 12 15 16 19 21 24 | 24.0
Evocations     | 3 5 10 16 | 16.5
Dodging        | 4 5 7 9 10 11 13 16 18 20 24 | 24.4
Shields        | 4 5 7 8 10 | 10.0
Armour         | 7 10 14 | 14.5
Hexes          | 5 9 12 | 12.0
Spellcasting   | 5 9 10 | 10.1
Earth Magic    | 5 6 |  6.1
Air Magic      | 9 12 | 12.0
Summonings     | |  4.0

Action                     |  1- 3 |  4- 6 |  7- 9 | 10-12 | 13-15 | 16-18 | 19-21 | 22-24 | 25-27 || total
---------------------------+-------+-------+-------+-------+-------+-------+-------+-------+-------++-------
  Melee: Club              |     7 |       |       |       |       |       |       |       |       ||     7
         Unarmed           |     2 |       |       |       |       |       |       |       |       ||     2
         Dagger            |    63 |   232 |   201 |       |       |       |       |       |       ||   496
         Staff             |     1 |       |       |       |       |       |       |       |       ||     1
         Punch             |       |     1 |     3 |     2 |       |       |       |       |       ||     6
         Rapier            |       |       |   215 |   705 |  1502 |  1757 |  2092 |  2092 |  2943 || 11306
  Throw: Dart              |     4 |     7 |    24 |    34 |     5 |    34 |    23 |     2 |    35 ||   168
         Boomerang         |       |       |     3 |       |     3 |       |       |       |       ||     6
         Throwing net      |       |       |       |     2 |     2 |       |     2 |     1 |     6 ||    13
   Cast: Summon Small Mamm |    28 |     8 |     8 |       |       |       |       |       |       ||    44
         Call Imp          |     4 |     4 |     1 |       |       |       |       |       |       ||     9
         Silence           |       |       |       |       |       |       |       |       |   167 ||   167
         Passwall          |       |       |       |       |       |       |       |       |    23 ||    23
 Invoke: Curse Item        |       |       |       |     7 |     5 |     3 |     1 |     2 |     6 ||    24
         Shatter the Chain |       |       |       |     1 |     4 |     1 |     3 |     2 |     4 ||    15
  Evoke: Wand              |       |     4 |    10 |    16 |     8 |     4 |     5 |     2 |     2 ||    51
         Sack of spiders   |       |       |       |       |       |     1 |     1 |     1 |       ||     3
         Lightning rod     |       |       |       |       |       |       |       |     2 |       ||     2
         Condenser vane    |       |       |       |       |       |       |       |     4 |     2 ||     6
    Use: Potion            |       |     1 |     2 |     3 |     3 |     1 |     4 |     2 |    12 ||    28
         Scroll            |       |       |       |     5 |     5 |     6 |     9 |     2 |     7 ||    34
   Stab: Sleeping          |     8 |     6 |    11 |    23 |    59 |    81 |   105 |   118 |   284 ||   695
         Distracted        |       |     4 |     3 |     2 |    13 |    15 |    30 |    14 |    11 ||    92
         Invisible         |       |     2 |     2 |     2 |       |     3 |     3 |     2 |       ||    14
         Paralysed         |       |     2 |     9 |     8 |     4 |       |       |       |     1 ||    24
         Held in net/web   |       |       |       |     4 |     1 |       |     1 |     3 |     3 ||    12
         Confused          |       |       |       |       |       |       |       |     3 |       ||     3
 Armour: Robe              |    28 |    63 |   121 |   148 |       |       |       |       |       ||   360
         Skin              |       |     4 |    14 |       |       |       |       |       |       ||    18
         Ring mail         |       |       |       |    36 |   203 |       |       |       |       ||   239
         Quicksilver drago |       |       |       |       |   117 |   397 |   437 |   255 |       ||  1206
         Acid dragon scale |       |       |       |       |       |       |       |    27 |   273 ||   300
  Dodge: Dodged            |    59 |   145 |   255 |   354 |   567 |   926 |   980 |  1011 |  1219 ||  5516
  Block: Buckler           |       |       |       |    82 |    22 |       |       |       |       ||   104
         Kite shield       |       |       |       |       |   723 |  1560 |  1387 |  1373 |  1469 ||  6512
